cohdb
Replays
Latest Replays
All Replays
Popular Replays
Top Player Replays
Match Explorer
How It Works
Community
CoH3 Stats
Reddit
Sign in to upload your games and track your stats! →
Sign in with Steam
Match 44009937
Unlisted
Match 44009937
Overview
Messages
Build Orders
End
Kettenkrad Recon Vehicle
Construct Infanterie Kompanie
Selects Breakthrough Battlegroup
Selects Assault Grenadiers
MG 42 Machine Gun Team
Grenadier Squad
MG 42 Machine Gun Team
Grenadier Squad
Construct Luftwaffe Kompanie
Medical Station
Flak 30 Anti-aircraft Gun Team
221 Scout Car
Selects Breakthrough
Selects Mechanized Assault Group
Mechanized Assault Group
Mechanized Assault Group
Grenadier Squad
Selects Rapid Production
Mechanized Assault Group
Support Elements
Selects Blitzkrieg
Construct Panzer Kompanie
Marder III M Tank Destroyer
Marder III M Tank Destroyer
Wirbelwind Flakpanzer
Selects Tiger Heavy Tank
Everlast
Foer
Brother
PiiXIII
0
0
Comments
sign in to comment!
No comments posted yet!